Map: Romanticide LE

Players

Kestnuts

  • Race: Zerg Zerg
  • League: Master

CyrusII - Winner!

  • Race: Terran Terran
  • League: Diamond

VOD

Have the link to the VOD?

Description

Fuck mech

Time

  • Played on: June 28, 2021, 8:49 p.m.
  • Length: 12:35
Show
View Real Time Build Order
Export as new Build Order

Kestnuts Zerg 

Build Orders: Hatch First, Lurkers 

Get SALT Encoding   

  12  0:00  Drone  
  13  0:12  Overlord  
  13  0:18  Drone  
  14  0:32  Drone x2  
  16  0:47  Hatchery  
  15  0:50  Drone  
  15  0:54  Drone  
  17  0:58  Drone  
  18  1:09  Extractor  
  17  1:14  Spawning Pool  
  17  1:15  Drone  
  17  1:18  Drone  
  18  1:28  Drone  
  19  1:41  Drone  
  20  1:49  Drone  
  21  2:01  Zergling x2  
  22  2:02  Queen x2, Zergling x2  
  27  2:14  Hatchery  
  26  2:19  Overlord  
  26  2:21  Drone  
  27  2:23  Drone  
  28  2:39  Drone x3  
  31  2:44  Metabolic Boost  
  31  2:45  Overlord  
  31  2:47  Drone  
  32  2:55  Drone x2  
  32  2:56  Queen  
  36  3:06  Drone x2  
  38  3:14  Drone x3  
  38  3:16  Queen, Drone  
  44  3:27  Drone x2, Overlord  
  46  3:31  Queen  
  46  3:32  Overlord  
  48  3:39  Queen  
  48  3:41  Overlord  
  50  3:50  Baneling Nest  
  50  3:51  Extractor, Zergling x6  
  50  3:52  Zergling x2  
  50  3:55  Zergling x4  
  54  4:07  Drone x6  
  60  4:13  Drone x2  
  62  4:20  Drone x3  
  65  4:27  Queen  
  65  4:29  Drone x4  
  71  4:31  Overlord  
  71  4:43  Drone x3  
  71  4:44  Overlord x3  
  74  4:52  Lair  
  74  4:54  Drone x3  
  74  4:55  Evolution Chamber  
  74  4:58  Evolution Chamber  
  75  5:01  Drone x5  
  75  5:02  Drone  
  75  5:03  Drone  
  75  5:07  Queen  
  84  5:21  Extractor, Drone x7  
  84  5:22  Extractor  
  84  5:28  Extractor  
  88  5:29  Extractor  
  87  5:36  Drone x3  
  87  5:41  Drone x5, Hatchery  
  94  5:45  Hatchery  
  93  5:59  Overlord x3  
  93  6:00  Drone x4  
  93  6:01  Zerg Melee Weapons Level 1  
  93  6:03  Zerg Missile Weapons Level 1  
  97  6:10  Hydralisk Den  
  97  6:11  Infestation Pit  
  95  6:16  Zergling x6  
  98  6:19  Zergling x4  
  100  6:34  Overlord x2  
  100  6:35  Drone x5  
  105  6:43  Grooved Spines  
  105  6:53  Hive  
  105  6:56  Lurker Den  
  105  7:01  Queen  
  104  7:02  Drone x11  
  117  7:14  Centrifical Hooks  
  117  7:21  Extractor  
  117  7:22  Extractor, Spore Crawler x2  
  113  7:23  Spore Crawler  
  113  7:24  Spore Crawler  
  113  7:26  Drone  
  113  7:27  Drone x3  
  113  7:28  Drone x2  
  117  7:30  Drone x4  
  117  7:33  Baneling x8  
  121  7:47  Overlord x6  
  121  7:50  Hydralisk  
  121  7:51  Hydralisk x13  
  123  7:55  Muscular Augments  
  149  8:06  Adrenal Glands  
  149  8:07  Zerg Melee Weapons Level 2, Zerg Missile Weapons Level 2  
  149  8:11  Drone  
  149  8:12  Extractor, Drone  
  150  8:13  Extractor  
  150  8:19  Zergling x16  
  161  8:20  Zergling x10  
  162  8:34  Viper  
  162  8:35  Viper x2  
  162  8:37  Zergling x30  
  186  8:45  Zergling x2  
  186  8:46  Zergling x8  
  186  8:48  Baneling x18  
  191  8:50  Zergling x4  
  191  8:54  Zergling x10  
  198  8:59  Overlord x2  
  198  9:02  Hatchery  
  197  9:14  Zergling x22  
  197  9:15  Zergling x8  
  188  9:21  Zergling x10  
  164  9:25  Hydralisk  
  164  9:26  Hydralisk x4  
  166  9:31  Hydralisk  
  166  9:32  Hydralisk x2  
  166  9:36  Lurker x3  
  175  9:39  Lurker x3  
  175  9:40  Lurker x3  
  181  9:48  Hydralisk x5  
  181  9:49  Zergling x10  
  196  10:04  Hydralisk x2  
  196  10:06  Baneling x5  
  196  10:07  Baneling x11  
  200  10:18  Adaptive Talons  
  194  10:41  Viper x3  
  171  10:45  Hydralisk x3  
  171  10:47  Zergling x28  
  169  10:58  Hydralisk x3  
  169  10:59  Zergling x2  
  169  11:00  Zergling x24  
  188  11:15  Seismic Spines  
  188  11:20  Hydralisk x6  
  200  11:44  Baneling x12  
  200  11:45  Zergling x2  
  200  11:51  Extractor x2  
  198  11:55  Baneling  
  198  11:56  Baneling x7  
  180  12:10  Hydralisk  
  180  12:11  Hydralisk x3  
Show
View Real Time Build Order
Export as new Build Order

CyrusII Terran - Winner!

Build Orders: Mech 

Get SALT Encoding   

  12  0:01  SCV  
  13  0:13  SCV  
  14  0:17  Supply Depot  
  14  0:25  SCV  
  15  0:39  SCV  
  15  0:41  Barracks  
  16  0:45  Refinery  
  16  0:51  SCV  
  17  1:03  SCV  
  18  1:15  SCV  
  19  1:28  Orbital Command  
  19  1:38  Command Center  
  19  1:50  Factory  
  19  1:53  Marine  
  21  1:54  SCV  
  21  2:01  Supply Depot  
  21  2:06  SCV  
  22  2:11  Refinery  
  22  2:18  SCV  
  22  2:19  Barracks Tech Lab  
  23  2:30  SCV  
  24  2:43  SCV  
  25  2:44  Siege Tank  
  28  2:55  SCV  
  28  2:56  Command Center  
  29  3:07  Orbital Command  
  29  3:09  SCV  
  30  3:16  Siege Tank  
  33  3:24  SCV  
  34  3:30  Refinery  
  34  3:34  SCV  
  35  3:36  SCV  
  35  3:39  Factory  
  36  3:46  SCV  
  36  3:48  SCV  
  38  3:49  Siege Tank  
  41  3:56  Supply Depot  
  41  3:58  SCV  
  41  4:00  SCV  
  43  4:07  Refinery  
  43  4:09  Orbital Command  
  43  4:10  SCV  
  43  4:12  SCV  
  43  4:15  Armory  
  45  4:23  Supply Depot  
  45  4:28  SCV  
  45  4:29  SCV  
  47  4:34  SCV  
  47  4:37  Factory Reactor  
  48  4:38  Siege Tank  
  48  4:41  SCV  
  48  4:42  SCV  
  48  4:44  Factory  
  53  4:49  Supply Depot  
  53  4:50  SCV  
  54  4:53  SCV  
  54  4:59  SCV  
  56  5:02  SCV  
  56  5:03  Infernal Pre-Igniter  
  56  5:05  Engineering Bay  
  56  5:06  SCV  
  58  5:10  Terran Vehicle Weapons Level 1  
  58  5:11  SCV  
  58  5:13  Supply Depot, Thor  
  65  5:19  SCV x2  
  65  5:21  Orbital Command  
  67  5:22  Hellion x2  
  67  5:28  SCV  
  72  5:29  Factory Tech Lab  
  72  5:37  SCV  
  72  5:39  Command Center  
  72  5:40  SCV  
  74  5:43  Supply Depot  
  74  5:48  SCV  
  74  5:49  Thor  
  81  5:52  Missile Turret  
  81  5:54  SCV x2  
  83  5:59  Missile Turret  
  83  6:00  SCV  
  84  6:04  Hellion  
  84  6:05  Hellion  
  84  6:06  SCV, Supply Depot  
  84  6:09  SCV  
  90  6:12  SCV, Missile Turret  
  90  6:17  Thor  
  97  6:19  SCV  
  97  6:23  SCV, Refinery  
  97  6:24  SCV  
  100  6:26  Refinery  
  100  6:28  Hellion x2  
  100  6:31  Supply Depot  
  100  6:32  SCV  
  105  6:35  SCV  
  105  6:39  SCV  
  107  6:46  Factory  
  107  6:49  Factory  
  107  6:50  SCV x2  
  107  6:51  SCV, Thor  
  116  6:55  Armory  
  116  6:56  Factory  
  116  6:59  Neosteel Armor  
  116  7:01  Supply Depot  
  116  7:09  Supply Depot  
  116  7:14  Terran Vehicle And Ship Armor Level 1  
  116  7:18  Command Center  
  117  7:22  SCV  
  117  7:23  SCV x2  
  117  7:24  Supply Depot  
  117  7:29  Thor  
  125  7:30  Factory Tech Lab  
  125  7:31  Hellion x2  
  125  7:35  SCV  
  130  7:41  Factory Tech Lab x2  
  130  7:42  Thor  
  136  7:48  Supply Depot, Terran Vehicle Weapons Level 2  
  136  8:00  Thor, Hellion x2  
  136  8:05  SCV x3  
  148  8:06  Unknown  
  148  8:11  Factory  
  149  8:17  SCV  
  149  8:18  Factory  
  150  8:22  Factory  
  150  8:23  Hellion  
  152  8:30  Hellion  
  152  8:34  Command Center  
  154  8:36  Planetary Fortress  
  154  8:40  Thor  
  154  8:41  Hellion  
  162  8:42  Supply Depot  
  162  8:45  Hellion x2  
  166  8:52  Thor, Hellion  
  176  8:55  Hellion  
  176  8:56  Factory Tech Lab  
  176  8:59  Missile Turret  
  176  9:02  Hellion  
  178  9:06  Hellion  
  168  9:19  Thor x2  
  168  9:20  Hellion  
  168  9:23  Thor, Hellion  
  164  9:24  Factory Tech Lab x2  
  161  9:32  Refinery  
  161  9:34  Supply Depot, Refinery  
  161  9:36  Thor, Hellion  
  169  9:41  SCV x3, Supply Depot  
  169  9:45  Terran Vehicle And Ship Armor Level 2  
  172  9:46  Supply Depot  
  172  9:52  Orbital Command  
  172  9:54  Orbital Command  
  172  10:02  Command Center  
  174  10:07  Hellion  
  174  10:10  Hellion  
  174  10:12  Smart Servos  
  174  10:13  Hellion  
  174  10:14  Thor  
  184  10:21  Thor, Hellion  
  192  10:26  Orbital Command  
  192  10:32  Thor, Hellion  
  200  10:40  Thor, Hellion  
  200  10:42  Thor  
  173  10:43  Hellion  
  165  10:52  Thor, Hellion  
  173  10:58  Hellion  
  178  11:05  Siege Tank  
  178  11:08  Siege Tank  
  184  11:12  Siege Tank  
  184  11:16  Thor  
  190  11:25  Thor  
  190  11:26  Hellion  
  198  11:43  Missile Turret  
  186  12:10  Hellion  
Tags
 
Add a new tag
Caveats
  • Supply blocks, unpowered buildings, or Contaminate may cause inaccurate times.
  • Supply counts are checked every 10 seconds.